 Dungeon Crawl Stone Soup version 0.28.0-45-g0d030f2227 (webtiles) character file.

Game seed: 15059060901394578217

433 Mesmaeker13 the Conjurer (level 7, -2/41 HPs)
             Began as an Octopode Conjurer on May 7, 2022.
             Slain by a gnoll
             ... wielding a +2 flail of protection
              (11 damage)
             ... on level 5 of the Dungeon.
             The game lasted 00:08:24 (4690 turns).

Mesmaeker13 the Conjurer (Octopode Conjurer)        Turns: 4690, Time: 00:08:25

Health: -2/41      AC:  1    Str:  7    XL:     7   Next: 0%
Magic:  13/13      EV:  7    Int: 22    God:
Gold:   215        SH:  0    Dex: 10    Spells: 10/14 levels left

rFire   . . .      SeeInvis .   k - +5 morningstar
rCold   . . .      Faith    .   (no shield)
rNeg    . . .      Spirit   .   (helmet restricted)
rPois   .          Reflect  .   (no amulet)
rElec   .          Harm     .   j - ring of willpower
rCorr   .          Rampage  .   (no ring)
Will    +....                   (no ring)
Stlth   +++.......              (no ring)
HPRegen 0.13/turn               (no ring)
MPRegen 0.13/turn               (no ring)
                                (no ring)
                                (no ring)

@: attractive, held
A: almost no armour, amphibious, 8 rings, camouflage 1, gelatinous body 1,
(nimble swimmer 1), tentacles
a: no special abilities


You were on level 5 of the Dungeon.
You visited 1 branch of the dungeon, and saw 5 of its levels.

You collected 215 gold pieces.

Inventory:

Hand Weapons
 k - a +5 morningstar (weapon)
 q - a +1 rapier of holy wrath
Missiles
 s - 65 stones
Magical Staves
 c - a staff of death
Jewellery
 j - a ring of willpower (left tentacle)
Scrolls
 a - a scroll of blinking {unknown}
 b - a scroll of immolation
 i - a scroll of amnesia {unknown}
 l - a scroll of identify {unknown}
 n - a scroll of teleportation {unknown}
 o - a scroll of fear {unknown}
 p - a scroll of magic mapping {unknown}
 r - a scroll of vulnerability {unknown}
 u - a scroll of enchant weapon
Potions
 d - a potion of cancellation {unknown}
 e - a potion of mutation {unknown}
 f - a potion of curing {unknown}
 g - a potion of attraction
 h - a potion of invisibility {unknown}
 m - 2 potions of heal wounds {unknown}
 t - a potion of might {unknown}


   Skills:
 - Level 3.3 Dodging
 - Level 2.6 Stealth
 + Level 4.1 Spellcasting
 + Level 5.6 Conjurations
 + Level 2.4 Earth Magic


You had 10 spell levels left.
You knew the following spells:

 Your Spells              Type           Power      Damage    Failure   Level
a - Magic Dart            Conj           100%       1d8       1%          1
b - Searing Ray           Conj           58%        2d6       1%          2
c - Sandblast             Erth           30%        2d9       4%          1

Your spell library contained the following spells:

 Spells                   Type           Power      Damage    Failure   Level
 Passwall                 Tmut/Erth      8%         N/A       10%         2
 Summon Small Mammal      Summ           16%        N/A       11%         1
 Dazzling Flash           Conj/Hex       34%        N/A       11%         3
 Ensorcelled Hibernation  Hex/Ice        8%         N/A       17%         2
 Call Canine Familiar     Summ           4%         N/A       32%         3
 Summon Guardian Golem    Hex/Summ       4%         N/A       32%         3
 Swiftness                Air            4%         N/A       32%         3
 Fulminant Prism          Conj/Hex       8%         3d7       34%         4
 Hailstorm                Conj/Ice       17%        3d6       34%         4
 Iskenderun's Mystic Bla  Conj/Tloc      17%        2d5       34%         4
 Simulacrum               Ice/Necr       2%         N/A       100%        6
 Lehudib's Crystal Spear  Conj/Erth      11%        10d4      100%        8


Dungeon Overview and Level Annotations

Branches:
Dungeon (5/15)
 Temple: D:4-7

Altars:
Dithmenos

Shops:
D:4 **

Annotations:
D:2 Sigmund
D:4 2 runed translucent doors, Garym's ghost, amateur MiBe


Innate Abilities, Weirdness & Mutations

You cannot wear most types of armour.
You are amphibious.
You can wear up to eight rings at the same time.
Your skin changes colour to match your surroundings (Stealth+).
Your rubbery body absorbs attacks. (AC +1, EV +1)
((You are camouflaged when in or above water. (Stealth+)))
You have tentacles for arms and can constrict up to eight enemies at once.


Message History

Aiming: Magic Dart (safe; 1% risk of failure)
Press: ? - help, Shift-Dir - straight line, f/p - gnoll
Aim: a gnoll, wielding a +0 club (almost dead, 100% to hit)
The magic dart hits the gnoll.
The gnoll is almost dead.
The gnoll closely misses you.
Casting: Magic Dart (safe; 1% risk of failure)
Confirm with . or Enter, or press ? or * to list all spells.
Aiming: Magic Dart (safe; 1% risk of failure)
Press: ? - help, Shift-Dir - straight line, f/p - gnoll
Aim: a gnoll, wielding a +0 club (almost dead, 100% to hit)
The magic dart hits the gnoll!
You kill the gnoll!
You have reached level 7!
Things that are here:
a +0 club; a gnoll corpse Magic restored.
Done exploring.
Done exploring.
There is an open door here.
There is an open door here.
There is a stone staircase leading down, spattered with blood here.
You climb downwards.
The gnoll shouts! x2
The gnoll barely misses you.
The gnoll throws a throwing net.
The throwing net hits you.
You become entangled in the net!
The gnoll hits you from afar with a +0 halberd!
You hear a bark!
There is a stone staircase leading up, spattered with blood here.
You see here a throwing net.
You struggle against the net.
The gnoll hits you from afar with a +0 halberd!
You struggle against the net.
The gnoll hits you but does no damage.
The gnoll hits you from afar with a +0 halberd!
* * * LOW HITPOINT WARNING * * *
Okay, then.
It was a potion of attraction.
You feel attractive to monsters.
The gnoll hits you with a +2 flail of protection!
You die...

#####.......... .
.....#.........# . .
..........##...#
.##.###.............###
.....#..........##..<.
#.#.#......##..>..###
...#..###.##..####
#...####..>.....#
##.@#......#[###.###
#...gg....##.# #...#
#.....######.#####.#
#...[g.# .....##.#
####....# .###(....
g..#..#..#####.#.
g.............#.#.
.....#..#..........
......##.#..........


You could see 3 gnolls.

Vanquished Creatures
  A necrophage (D:4)
  A hound (D:4)
  Jessica (D:2)
  3 orc wizards (D:4)
  5 gnolls
  4 adders
  A white imp (D:5)
  3 worms
  5 dart slugs
  16 orcs
  8 bats
  5 endoplasms
  5 giant cockroaches
  8 goblins
  5 hobgoblins
  7 quokkas
  7 ball pythons
  2 frilled lizards
  5 kobolds
  3 rats
95 creatures vanquished.

Vanquished Creatures (others)
  A plant (D:3)
1 creature vanquished.

Grand Total: 96 creatures vanquished

Notes
Turn   | Place    | Note
-------+----------+-------------------------------------------
     0 | D:1      | Mesmaeker13 the Octopode Conjurer began the quest for the
                  | Orb.
     0 | D:1      | Reached XP level 1. HP: 11/11 MP: 3/3
    70 | D:1      | Found a faded altar of an unknown god.
   123 | D:1      | Reached XP level 2. HP: 17/17 MP: 1/5
   517 | D:1      | Reached XP level 3. HP: 21/21 MP: 3/6
  1030 | D:1      | Learned a level 2 spell: Searing Ray
  1138 | D:2      | Noticed Jessica
  1394 | D:2      | Reached XP level 4. HP: 27/27 MP: 4/8
  1430 | D:2      | Got the Papyrus of Congealing Clay
  1441 | D:2      | Killed Jessica
  1760 | D:2      | Found a shadowy altar of Dithmenos.
  1866 | D:2      | Noticed Sigmund
  2094 | D:3      | Reached XP level 5. HP: 31/31 MP: 2/9
  2381 | D:3      | Learned a level 1 spell: Sandblast
  2542 | D:3      | Reached skill level 5 in Conjurations
  3183 | D:4      | Noticed a necrophage
  3195 | D:4      | Killed a necrophage
  3196 | D:4      | Reached skill level 1 in Earth Magic
  3196 | D:4      | Reached XP level 6. HP: 26/36 MP: 4/11
  3373 | D:4      | Found a runed translucent door.
  3378 | D:4      | Noticed Garym's ghost (amateur MiBe)
  3387 | D:4      | Found Lifonk's Gadget Gallery.
  3976 | D:4      | Found Liucvet's General Store.
  4027 | D:4      | Found a runed translucent door.
  4283 | D:5      | Entered Level 5 of the Dungeon
  4592 | D:4      | Reached XP level 7. HP: 41/41 MP: 5/13
  4690 | D:5      | Slain by a gnoll

Illustrated notes

Levels and vault maps discovered:
D:1:      scummos_arrival_simple_crosswalls, layout_rooms,
          hellmonk_ecumenical_altar_blasted
D:2:      layout_basic, basic_altar, nicolae_underground_beach, uniq_sigmund,
          uniq_crazy_yiuf_cottage, uniq_jessica
D:3:      minmay_evil_eye, layout_basic, minmay_misc_feat_enclosed,
          saegor_snake_ambush
D:4:      layout_gridville, ebering_ghost_sewer_f, serial_shops, shop_fountains,
          nicolae_shop_gadgets
D:5:      layout_rooms, chequers_jeans

Skill      XL: |  1  2  3  4  5  6 |
---------------+-------------------+-----
Dodging        | 3 |  3.3
Spellcasting   | 3 4 |  4.1
Conjurations   | 5 |  5.6
Earth Magic    | 1 2 |  2.4
Stealth        | |  2.6

Action                   |  1- 3 |  4- 6 |  7- 9 || total
-------------------------+-------+-------+-------++-------
Melee: Tentacles         |     5 |     1 |       ||     6
       Constrict         |     4 |     3 |       ||     7
       Unarmed           |     1 |       |       ||     1
       Dagger            |    11 |    10 |       ||    21
       Morningstar       |       |     2 |       ||     2
 Cast: Magic Dart        |    69 |    85 |       ||   154
       Searing Ray       |     1 |    19 |       ||    20
  Use: Scroll            |       |     1 |       ||     1
       Potion            |       |       |     1 ||     1
Armor: Skin              |       |       |     1 ||     1
Dodge: Dodged            |     8 |    20 |     1 ||    29
